 Dungeon Crawl Stone Soup version 0.31-a0-799-g6bc09d010c (webtiles) character file.

Game seed: 6078783938456724738

161 Dittersdorf the Shield-Bearer (level 5, -12/33 HPs)
             Began as a Gargoyle Fighter on Sept 19, 2023.
             Mangled by an ice beast (13 damage)
             ... on level 6 of the Dungeon.
             The game lasted 00:03:31 (2474 turns).

Dittersdorf the Shield-Bearer (Gargoyle Fighter)    Turns: 2474, Time: 00:03:32

Health: -12/33     AC: 13    Str: 21    XL:     5   Next: 42%
Magic:  5/5        EV:  8    Int:  9    God:
Gold:   147        SH:  4    Dex:  9    Spells: 4/4 levels left

rFire   . . .        a - +0 flail
rCold   . . .        c - +0 buckler
rNeg    + . .        v - +0 chain mail
rPois   ∞            (no helmet)
rElec   +            (no cloak)
rCorr   .            (no gloves)
SInv    .            (no boots)
Will    .....        (no amulet) Stlth
                     (no ring)
HPRegen 0.25/turn    (no ring)
MPRegen 0.09/turn

%: no passive effects
@: marked
A: sickness immunity, AC +4, negative energy resistance 1, electricity
resistance, torment resistance 1, petrification resistance
a: no special abilities


You were on level 6 of the Dungeon.
You visited 1 branch of the dungeon, and saw 4 of its levels.
You also visited: Sewer.

You collected 147 gold pieces.

Inventory:

Hand Weapons
 a - a +0 flail (weapon)
Armour
 c - a +0 buckler (worn)
 v - a +0 chain mail (worn)
Jewellery
 k - a ring of fire
Wands
 g - a wand of digging (4)
Scrolls
 f - 2 scrolls of teleportation
 i - a scroll of enchant armour
 l - a scroll of fog {unknown}
 m - 2 scrolls of revelation {unknown}
 t - a scroll of immolation {unknown}
Potions
 d - a potion of might
 e - 4 potions of heal wounds
 h - a potion of invisibility
 j - 2 potions of haste
 n - a potion of lignification {unknown}
 o - a potion of attraction {unknown}
 p - a potion of berserk rage {unknown}
 q - a potion of magic {unknown}
 r - 2 potions of curing {unknown}
 s - a potion of degeneration {unknown}
 u - a potion of mutation {unknown}


   Skills:
 + Level 4.2 Fighting
 + Level 3.1 Maces & Flails
 + Level 4.3 Armour
 + Level 4.3 Shields


You had 4 spell levels left.
You didn't know any spells.
Your spell library was empty.

Dungeon Overview and Level Annotations

Branches:
Dungeon (3/15)              Sewer (visited)

Altars:

Shops:
D:2 :


Innate Abilities, Weirdness & Mutations

You are immune to sickness and miasma.
Your stone body is resilient. (AC +4)
You are immune to poison.
You resist negative energy. (rN+)
You are resistant to electric shocks. (rElec)
You are resistant to unholy torment.
You are immune to petrification.


Message History

An orc comes into view. It is wielding a +0 club.
A hound comes into view.
You hit the ice beast but do no damage.
The ice beast is heavily wounded.
The ice beast hits you. The ice beast freezes you!
The ice beast barely misses you. The white imp gestures at you.
The puff of frost hits you.
You sock the ice beast!
The ice beast is severely wounded.
An orc comes into view. It is wielding a +0 flail.
You block the ice beast's attack. You block the white imp's attack.
You hit the ice beast but do no damage.
The ice beast is severely wounded.
The white imp gestures at you. The puff of frost hits you.
The ice beast hits you. The ice beast freezes you.
An iguana comes into view.
The orc hits you but does no damage.
You hit the jelly but do no damage.
Your hands burn!
* * * LOW HITPOINT WARNING * * *
The ice beast hits you but does no damage.
The white imp hits you but does no damage.
The jelly hits you but does no damage. The orc barely misses you.
The hound bites you but does no damage.
You hit the jelly.
Your hands burn!
* * * LOW HITPOINT WARNING * * *
The jelly is lightly wounded.
You block the hound's attack.
The white imp hits you but does no damage.
The jelly hits you but does no damage. The orc closely misses you.
The ice beast barely misses you. The hound bites you but does no damage.
An orc comes into view. It is wielding a +0 whip.
You block the orc's attack. The jelly hits you but does no damage.
The white imp gestures at you. The puff of frost hits you.
* * * LOW HITPOINT WARNING * * *
The ice beast hits you.
* * * LOW HITPOINT WARNING * * *
The ice beast freezes you!
You die...

....?.....
.......#...
............
..<.......#
###.........
#.........#
#5YJ.....#
#@h...#
##ol..# .
##...###...
##o...o.#
#.......#
#.........##
##........#
##.......#
#.........


You could see an ice beast, an iguana, a hound, a jelly, a white imp and 3 orcs.

Vanquished Creatures
  6 adders
  2 river rats (Sewer)
  4 worms
  3 dart slugs
  6 bats
  7 endoplasms
  2 giant cockroaches
  2 goblins
  8 hobgoblins
  6 kobolds
  4 quokkas
  11 ball pythons
  9 frilled lizards
  4 rats
74 creatures vanquished.

Notes
Turn   | Place    | Note
-------+----------+-------------------------------------------
     0 | D:1      | Dittersdorf the Gargoyle Fighter began the quest for the
                  | Orb.
     0 | D:1      | Reached XP level 1. HP: 14/14 MP: 1/1
   192 | D:1      | Reached XP level 2. HP: 16/19 MP: 2/2
   544 | D:1      | Reached XP level 3. HP: 19/23 MP: 3/3
  1267 | D:2      | Reached XP level 4. HP: 27/29 MP: 4/4
  1373 | D:2      | Found Ziegammog's Book Emporium.
  1597 | D:3      | Found a glowing drain.
  1629 | Sewer    | Entered a sewer
  1827 | Sewer    | Reached XP level 5. HP: 26/33 MP: 5/5
  2103 | D:3      | Found a faded altar of an unknown god.
  2206 | D:3      | Identified the +9 dagger of Integrity {vamp, *Corrode rElec
                  | rF+ rN+}
  2461 | D:3      | You fall into a shaft and drop 3 floors!
  2464 | D:6      | Noticed an ice beast
  2474 | D:6      | HP: 1/33 [ice beast (1)]
  2474 | D:6      | Mangled by an ice beast

Illustrated notes

Levels and vault maps discovered:
D:1:      lightli_iron_boxes, layout_basic, hangedman_decor_push
D:2:      layout_rooms, serial_shops, nicolae_shop_trees
D:3:      layout_rooms, ebering_ecumenical_altar_box,
          cheibrodos_sewer_entry_sluice
D:6:      layout_cave_pools, mainiacjoe_overflow_large_starburst

Skill      XL: |  1  2  3  4 |
---------------+-------------+-----
Armour         | 4 |  4.3
Shields        | 4 |  4.3
Fighting       | 4 |  4.2
Maces & Flails | 3 |  3.1

Action                     |  1- 3 |  4- 6 || total
---------------------------+-------+-------++-------
  Melee: Flail             |   123 |   149 ||   272
    Use: Scroll            |       |     5 ||     5
 Armour: Scale mail        |    70 |   128 ||   198
         Chain mail        |       |    17 ||    17
  Dodge: Dodged            |    74 |    92 ||   166
  Block: Buckler           |    22 |    40 ||    62

Table legend: (Time is in decaauts)
 A = Elapsed time spent in this place.
 B = Non-inter-level travel time spent in this place.
 C = Inter-level travel time spent in this place.
 D = Time resting spent in this place.
 E = Time spent auto-exploring this place.
 F = Levels seen in this place.
 G = Mean time per level.
                   A        B        C        D        E       F      G
               +--------+--------+--------+--------+--------+-----+--------+
         Total |   2603 |   2540 |     63 |      0 |   1870 |   5 |  520.6 |
       Dungeon |   2127 |   2064 |     63 |      0 |   1553 |   4 |  531.8 |
         Sewer |    475 |    475 |      0 |      0 |    316 |   1 |  475.0 |
               +--------+--------+--------+--------+--------+-----+--------+

Top non-repeatable levels by time:
     D:1: 1037 daAuts
     D:2: 594 daAuts
     D:3: 481 daAuts
   Sewer: 475 daAuts
     D:6: 14 daAuts
